Cogmind - Beta 13 @@@ ROGUE MODE // 2024.03.11 @ 12:41:26 Player: Yorkinshire Result: Destroyed by G-50 Soldier with Heavy Laser Performance ------------- Evolutions (1) 500 Regions Visited (5) 1000 Robots Destroyed (12) 60 Value Destroyed (366) 366 Prototype IDs (0) 0 Alien Tech Used (0) 0 Bonus (0) 0 TOTAL SCORE: 1926 Bonus ------- None Cogmind --------- Core Integrity 0/400 Matter 233/300 Energy 99/100 System Corruption 0% Temperature Cool (9) Movement Core (50) Location -6/Proximity Caves Parts ------- > --- POWER (1) -------- (None) > --- PROPULSION (4) --- (None) > --- UTILITY (2) ------ (None) > --- WEAPON (2) ------- (None) > --- INVENTORY (5) ---- High-capacity Matter Pod (45) Targeting Computer Light Armor Plating Makeshift Light Armor Plating Grenade Launcher Peak State ------------ > --- POWER ------------ Light Nuclear Core > --- PROPULSION ------- Aluminum Leg Carbon-fiber Leg Carbon-fiber Leg Carbon-fiber Leg > --- UTILITY ---------- Medium Storage Unit Visual Processing Unit > --- WEAPON ----------- Heavy Assault Rifle Heavy Assault Rifle > --- INVENTORY -------- Carbon-fiber Leg High-capacity Matter Pod Targeting Computer Light Armor Plating Makeshift Light Armor Plating Heavy Assault Rifle Grenade Launcher [Rating: 21] Favorites ----------- Power Light Ion Engine Engine Light Ion Engine Power Core Light Nuclear Core Propulsion Aluminum Leg Leg Aluminum Leg Utility Visual Processing Unit Storage Small Storage Unit Processor Visual Processing Unit Weapon Heavy Assault Rifle Ballistic Gun Heavy Assault Rifle Build | -11 -10 -9 -9 -7 -6 ------- Run | Yrd Mat Mat Min Zio Pro Slots Evolved 2 | . . 2 . . . Power . | . . . . . . Propulsion 2 | . . 2 . . . Utility . | . . . . . . Weapon . | . . . . . . Parts Attached 24 | 6 5 8 . 2 3 Power 3 | 1 . 1 . . 1 Engine 1 | 1 . . . . . Core 2 | . . 1 . . 1 Reactor . | . . . . . . Propulsion 11 | 2 . 6 . 2 1 Treads . | . . . . . . Leg 11 | 2 . 6 . 2 1 Wheel . | . . . . . . Hover . | . . . . . . Flight . | . . . . . . Utility 5 | 1 3 1 . . . Device . | . . . . . . Storage 4 | 1 2 1 . . . Processor 1 | . 1 . . . . Hackware . | . . . . . . Protection . | . . . . . . Artifact . | . . . . . . Weapon 5 | 2 2 . . . 1 Energy Gun . | . . . . . . Energy Cannon . | . . . . . . Ballistic Gun 5 | 2 2 . . . 1 Ballistic Cannon . | . . . . . . Launcher . | . . . . . . Special Weapon . | . . . . . . Impact Weapon . | . . . . . . Slashing Weapon . | . . . . . . Piercing Weapon . | . . . . . . Special Melee Weapon . | . . . . . . Unidentified Prototypes . | . . . . . . Parts Lost 5 | . . . . . 5 Power 2 | . . . . . 2 Propulsion 1 | . . . . . 1 Utility . | . . . . . . Weapon 2 | . . . . . 2 Highest Loss Streak 3 | . . . . . 3 To Critical Strikes . | . . . . . . Average Slot Usage (%) 95 | . 98 100 100 100 69 Engine 6 | . 14 6 . . . Core 4 | . . 4 11 11 6 Leg 36 | . 28 44 44 44 32 Storage 11 | . 14 11 11 11 8 Processor 11 | . 12 11 11 11 8 Ballistic Gun 23 | . 28 22 22 22 14 Naked Turns 47 | . . . . . 47 Heaviest Build 21 | 11 14 21 21 21 21 Greatest Support 55 | 20 20 45 45 50 55 Greatest Overweight (x) . | . . . . . . Average Overweight (x) . | . . . . . . Largest Inventory Capacity 15 | 8 15 10 10 10 10 Average Capacity 8 | 7 8 9 10 10 8 Most Carried 10 | 1 8 10 10 10 10 Average Carried 7 | . 5 8 10 9 7 Final Capacity 10 | 8 8 10 10 10 5 Final Carried 10 | 1 8 10 10 10 5 Class Distribution -------------------- 100% | Mutant Dominant Class ---------------- Mutant | -10/Materials Mutant | -9/Materials Mutant | -9/Mines Mutant | -7/Zion Mutant | -6/Proximity Caves Resources | -11 -10 -9 -9 -7 -6 ----------- Run | Yrd Mat Mat Min Zio Pro Matter Collected 606 | 226 95 211 . . 74 Remotely . | . . . . . . Salvage Created 402 | . 95 211 . . 96 Parts 35 | . 8 21 . . 6 Haulers Intercepted . | . . . . . . Recyclers Shooed 1 | . . 1 . . . Parts Field Recycled . | . . . . . . Retrieved Matter . | . . . . . . Parts Self-Destructed 6 | . . . . . 6 Prevented . | . . . . . . Kills | -11 -10 -9 -9 -7 -6 ------- Run | Yrd Mat Mat Min Zio Pro Combat Hostiles Destroyed 10 | . 2 4 . . 4 Guns 10 | . 2 4 . . 4 Classes Destroyed 4 | . 2 1 . . 1 Watcher 2 | . 1 1 . . . Swarmer 4 | . . . . . 4 Grunt 4 | . 2 2 . . . Sentry 2 | . . 2 . . . Best Kill Streak 2 | . 1 2 . . 2 Combat Bots Only 2 | . 1 1 . . 2 Max Kills in Single Turn 1 | . 1 1 . . 1 Gunslinging . | . . . . . . Exploded . | . . . . . . Melee . | . . . . . . Uniques/NPCs Destroyed . | . . . . . . Combat | -11 -10 -9 -9 -7 -6 -------- Run | Yrd Mat Mat Min Zio Pro Hostile Shots Fired 121 | . 3 19 . . 99 Missed 32 | . 2 2 . . 28 Damage Taken 1461 | . 11 230 . . 1220 Core 401 | . . 18 . . 383 Absorbed by Shields . | . . . . . . Core Remaining (%) 100 | 100 100 . . . . Volleys Fired 37 | . 6 15 . . 16 Largest 2 | . 2 2 . . 2 Hottest 46 | . 46 46 . . 46 Shots Fired 74 | . 12 30 . . 32 Gun 74 | . 12 30 . . 32 Cannon . | . . . . . . Launcher . | . . . . . . Special . | . . . . . . Kinetic 74 | . 12 30 . . 32 Thermal . | . . . . . . Explosive . | . . . . . . Electromagnetic . | . . . . . . Robot Hit Streak 12 | . 4 12 . . 6 Robot Miss Streak 4 | . 3 1 . . 4 Penetration Max . | . . . . . . Secondary Targets . | . . . . . . Shots Hit Robots 46 | . 6 24 . . 16 Core Hits 22 | . 3 9 . . 10 Critical Kills . | . . . . . . Critical Parts Destroyed . | . . . . . . Critical Strikes . | . . . . . . Melee Attacks . | . . . . . . Impact . | . . . . . . Slashing . | . . . . . . Piercing . | . . . . . . Sneak Attacks . | . . . . . . Combat Hostiles . | . . . . . . Follow-up Attacks . | . . . . . . Damage Inflicted 685 | . 86 353 . . 246 Guns 679 | . 86 347 . . 246 Cannons . | . . . . . . Explosions . | . . . . . . Melee . | . . . . . . Ramming 6 | . . 6 . . . Kinetic 679 | . 86 347 . . 246 Thermal . | . . . . . . Explosive . | . . . . . . Electromagnetic . | . . . . . . Impact . | . . . . . . Slashing . | . . . . . . Piercing . | . . . . . . Highest Corruption . | . . . . . . Average Corruption . | . . . . . . Corruption Purged . | . . . . . . Corruption Blocked . | . . . . . . Overload Shots . | . . . . . . Overflow Damage . | . . . . . . Projectiles . | . . . . . . Explosions . | . . . . . . Melee . | . . . . . . Knockbacks . | . . . . . . Impact . | . . . . . . Kinetic . | . . . . . . Secondary . | . . . . . . Self-Inflicted Damage . | . . . . . . Shots . | . . . . . . Rammed . | . . . . . . Targets Rammed 1 | . . 1 . . . Kicked 1 | . . 1 . . . Crushed . | . . . . . . Highest Temperature 29 | . 1 21 . . 29 Average Temperature 11 | . 1 11 . . 13 Received Heat Transfer 339 | . 6 108 . . 225 Siege Activations . | . . . . . . Robots Corrupted . | . . . . . . Combat Hostiles . | . . . . . . Parts Fried . | . . . . . . Impact Corruptions . | . . . . . . Robots Melted . | . . . . . . Combat Hostiles . | . . . . . . Parts Melted . | . . . . . . Heat Transferred . | . . . . . . Parts Sabotaged . | . . . . . . Parts Stolen . | . . . . . . Parts Stripped . | . . . . . . Power Chain Reactions . | . . . . . . Alert | -11 -10 -9 -9 -7 -6 ------- Run | Yrd Mat Mat Min Zio Pro Peak Influence 202 | . 72 202 78 . . Initial 78 | . . 18 78 . . Average 49 | . 25 83 78 . . Maximum Alert Level 1 | . . 1 . . . Low Security (%) 98 | 100 100 95 100 . . Level 1 1 | . . 4 . . . Level 2 . | . . . . . . Level 3 . | . . . . . . Level 4 . | . . . . . . Level 5 . | . . . . . . High Security . | . . . . . . Max Security . | . . . . . . Squads Dispatched 2 | . 1 . . . 1 Investigation 1 | . . . . . 1 Extermination . | . . . . . . Reinforcement 1 | . 1 . . . . Assault . | . . . . . . Garrison . | . . . . . . Intercept . | . . . . . . Searches Triggered . | . . . . . . Construction Impeded . | . . . . . . Haulers Reinforced . | . . . . . . Active Scanning Responses . | . . . . . . Cargo Convoy Interrupts . | . . . . . . Stealth | -11 -10 -9 -9 -7 -6 --------- Run | Yrd Mat Mat Min Zio Pro Distress Signals 1 | . . 1 . . . Communications Jammed . | . . . . . . Distress Signals . | . . . . . . Times Spotted 32 | . 5 6 . . 21 Peak Tracking Total 11 | . 2 2 . . 11 Tactical Retreats 5 | . 1 2 . . 2 Traps | -11 -10 -9 -9 -7 -6 ------- Run | Yrd Mat Mat Min Zio Pro Traps Triggered . | . . . . . . Indirectly . | . . . . . . Trap Hack Attempts . | . . . . . . Triggered . | . . . . . . Disarmed . | . . . . . . Reprogrammed . | . . . . . . Reused . | . . . . . . Traps Extracted . | . . . . . . Installed . | . . . . . . Triggered . | . . . . . . Machines | -11 -10 -9 -9 -7 -6 ---------- Run | Yrd Mat Mat Min Zio Pro Machines Disabled . | . . . . . . Max in Single Turn . | . . . . . . Machines Repaired . | . . . . . . Machines Dismantled . | . . . . . . Machines Sabotaged . | . . . . . . Overloaded Fab Kills . | . . . . . . Hacking | -11 -10 -9 -9 -7 -6 --------- Run | Yrd Mat Mat Min Zio Pro Machines Accessed 3 | . 2 . . . 1 Terminals 3 | . 2 . . . 1 Fabricators . | . . . . . . Repair Stations . | . . . . . . Recycling Units . | . . . . . . Scanalyzers . | . . . . . . Garrison Access . | . . . . . . Total Hacks 8 | . 4 . . . 4 Successful 5 | . 1 . . . 4 Failed 3 | . 3 . . . . Catastrophic . | . . . . . . Database Lockouts . | . . . . . . Manual . | . . . . . . Terminals 8 | . 4 . . . 4 Fabricators . | . . . . . . Repair Stations . | . . . . . . Recycling Units . | . . . . . . Scanalyzers . | . . . . . . Garrison Access . | . . . . . . Terminal Hacks 5 | . 1 . . . 4 Record 4 | . . . . . 4 Dispatch Records 1 | . 1 . . . . Fabricator Hacks . | . . . . . . Repair Station Hacks . | . . . . . . Recycling Unit Hacks . | . . . . . . Scanalyzer . | . . . . . . Garrison Access Hacks . | . . . . . . Unauthorized Hacks . | . . . . . . Terminals . | . . . . . . Fabricators . | . . . . . . Repair Stations . | . . . . . . Recycling Units . | . . . . . . Scanalyzers . | . . . . . . Garrison Access . | . . . . . . Data Cores Recovered . | . . . . . . Used . | . . . . . . Hacking Detections 3 | . 2 . . . 1 Full Trace Events 1 | . . . . . 1 Feedback Events . | . . . . . . Feedback Blocked . | . . . . . . Robot Schematics Acquired . | . . . . . . Robots Built . | . . . . . . Authchips . | . . . . . . Time . | . . . . . . Total Robot Build Rating . | . . . . . . Part Schematics Acquired . | . . . . . . Parts Built . | . . . . . . Authchips . | . . . . . . Time . | . . . . . . Total Part Build Rating . | . . . . . . Parts Repaired . | . . . . . . Time . | . . . . . . Parts Recycled . | . . . . . . Recycled Matter . | . . . . . . Retrieved Matter . | . . . . . . Retrieved Components . | . . . . . . Parts Scanalyzed . | . . . . . . Part Schematics Acquired . | . . . . . . Parts Damaged . | . . . . . . Bothacking | -11 -10 -9 -9 -7 -6 ------------ Run | Yrd Mat Mat Min Zio Pro Used RIF Installer . | . . . . . . Robots Hacked . | . . . . . . Non-combat . | . . . . . . Combat . | . . . . . . Robot Hacks Applied . | . . . . . . Relay Couplers Released . | . . . . . . Fabnet Peak Effective % . | . . . . . . Robots Rewired . | . . . . . . Allies Hacked . | . . . . . . Hacks Repelled . | . . . . . . Allies | -11 -10 -9 -9 -7 -6 -------- Run | Yrd Mat Mat Min Zio Pro Total Allies . | . . . . . . Largest Group . | . . . . . . Highest-Rated Group . | . . . . . . Highest-Rated Ally . | . . . . . . Total Orders . | . . . . . . Ally Attacks . | . . . . . . Total Damage . | . . . . . . Kills . | . . . . . . Allies Corrupted . | . . . . . . Allies Melted . | . . . . . . Intel | -11 -10 -9 -9 -7 -6 ------- Run | Yrd Mat Mat Min Zio Pro Robot Analysis Total . | . . . . . . Derelict Logs Recovered . | . . . . . . Drone Launches . | . . . . . . Drone Recoveries . | . . . . . . Exploration | -11 -10 -9 -9 -7 -6 ------------- Run | Yrd Mat Mat Min Zio Pro Turns Passed 1348 | 52 483 318 110 221 164 Spaces Moved 989 | 36 351 188 92 181 141 Core 96 | 1 . . . . 95 Treads . | . . . . . . Legs 893 | 35 351 188 92 181 46 Wheels . | . . . . . . Hover . | . . . . . . Flight . | . . . . . . Fastest Speed 50 | 50 120 120 120 120 50 Average Speed 113 | 118 120 120 120 120 72 Slowest Speed 120 | 120 120 120 120 120 120 Overloaded Moves . | . . . . . . Propulsion Burnouts . | . . . . . . Robots Hopped . | . . . . . . Cave-ins Triggered . | . . . . . . Exploration Rate (%) 22 | 3 53 21 20 10 25 Regions Visited 5 Branch Regions 3 Pre-discovered Areas . | . . . . . . Known Exits Taken . | . . . . . . Unknown Exits Taken 5 | 1 1 1 1 1 . Scrap Searched . | . . . . . . Spaces Dug . | . . . . . . Terrain Destroyed . | . . . . . . Melee . | . . . . . . Projectile . | . . . . . . AOE . | . . . . . . Terrain Rammed . | . . . . . . Walls Destroyed . | . . . . . . Machines Disabled . | . . . . . . Actions | -11 -10 -9 -9 -7 -6 --------- Run | Yrd Mat Mat Min Zio Pro Total 1148 | 42 406 255 91 184 170 Wait 55 | . 17 28 . . 10 Move 984 | 35 350 187 91 180 141 Hop . | . . . . . . Pick Up 25 | 1 16 7 . 1 . Fast Attach 7 | 6 1 . . . . Attach 5 | . . 2 . . 3 Detach . | . . . . . . Swap 12 | . 4 6 . 2 . Drop 22 | . 12 9 . 1 . Fire 37 | . 6 15 . . 16 Melee . | . . . . . . Ram . | . . . . . . Kick 1 | . . 1 . . . Crush . | . . . . . . Escape Stasis . | . . . . . . Rewire . | . . . . . . Trap . | . . . . . . Miscellaneous . | . . . . . . Route ------- -11/Scrapyard -10/Materials -9/Materials -9/Mines -7/Zion -6/Proximity Caves History --------- Turn | Location | Event 21 | -11/Scrapyard | Discovered new exit (range 14) 53 | -11/Scrapyard | Entered Materials 237 | -10/Materials | Discovered new exit (range 3) 356 | -10/Materials | Build established: Mutant 536 | -10/Materials | Entered another Materials area 536 | -9/Materials | Evolved 2 slots: Propulsion x2 642 | -9/Materials | Discovered new exit (range 9) 854 | -9/Materials | Entered Mines 955 | -9/Mines | A Derelict revealed a hidden shortcut to a safe place 964 | -9/Mines | Entered Zion 1043 | -7/Zion | Discovered new exit (range 11) 1185 | -7/Zion | Entered Proximity Caves 1260 | -6/Proximity Caves | Lost 3 parts (1p1n1w) 1267 | -6/Proximity Caves | Attracted the attention of an 0b10 base 1302 | -6/Proximity Caves | Released all parts (7) 1339 | -6/Proximity Caves | Core integrity fell below 50% 1346 | -6/Proximity Caves | Core integrity fell below 20% 1349 | -6/Proximity Caves | Destroyed by G-50 Soldier with Heavy Laser Last Messages --------------- 01302_ Released Aluminum Leg. 01302_ Released Carbon-fiber Leg. 01302_ Released Hvy. Assault Rifle. 01302_ Critical hit (Burn: +37). 01313_ Connecting with Outpost Terminal... 01313_ Current location identified: Proximity Caves >>Query(Status Report 517B) UNEVENTFUL CYCLE. >>Query(Status Report 231K) REPELLED LIGHT ASSEMBLED INCURSION. >>Query(Status Report 694G) NEUTRALIZED MALFUNCTIONING DERELICT. >>Query(Status Report 696I) REGISTERED NEW HOSTILE DERELICT. 01313_ ALERT: Suspicious activity at Terminal P001. Dispatching Investigation squad. 01344_ B-48 Gladiator suffers critical hit (Burn). 01346_ S-27 Virus destroyed. Map ----- +----------------------------------------------------+ | ?????????????????????????????????????????????????? | | ?????????????????????????????????????????????????? | | ?????????????????????????????????????????????????? | | ?????????????????????????????????????????????????? | | ?????????????????????????????????????????????????? | | ?????????????????????????????????????????????????? | | ???????????????????????????????????????????????? | | ???????????????????????????????????????????????? | | ??????????????????????????????????????????????? | | #??????????????? ??????????????????????????????? | | #???????????????? #????????????????????????????? | | ?????????????????? #????????????????????????????? | | ###????####??????? #????????????????????????????? | | #???## ###????? #????????????????????????????? | | #??## ###### #????????????????????????????? | | ##?## ## ##??????????????????????????? | | #?## ### ??????????????????????????? | | ### ## ???????????????????????????? | | ## ????????????????????????????? | | #?????????????????????????????? | | ## #??????????????????????????????? | | #### ## #????????####??????????????????? | | ???## ## #???????? ???????????????????? | | ????## %* #??????? ????????????????????? | | ##???## b######## #?????????????????????? | | ##???### g @#??????????????????????? | | #?????## # #????????????????????? | | #??????## ######## ##????????????????????? | | #???????## ##?????###?????????????????????? | | ##????????## ##????????????????????????????? | | ##?????##### #????????????????????????????? | | ##????# #????????????????????????????? | | ##??# ### #????????????????????????????? | | #### #### ##????????????????????????????? | | ### #??# #?????????????????????????????? | | #####??# #?????????????????????????????? | | #?????# ###?????????????????????????????? | | #?????####????????????????????????????????? | | ########?????????????????????????????????????????? | | ?????????????????????????????????????????????????? | | ?????????????????????????????????????????????????? | | ?????????????????????????????????????????????????? | | ?????????????????????????????????????????????????? | | ?????????????????????????????????????????????????? | | ?????????????????????????????????????????????????? | | ?????????????????????????????????????????????????? | | ?????????????????????????????????????????????????? | | ?????????????????????????????????????????????????? | | ?????????????????????????????????????????????????? | | ?????????????????????????????????????????????????? | +----------------------------------------------------+ Best States ------------- Heat Dissipation 28 Energy Generation 14 Energy Capacity 160 Matter Stores 294 Matter Capacity 300 Sight Range 18 Terrain Scan Density 10 Evasion (%) 55 Item Schematics ----------------- None Robot Schematics ------------------ None Fabricated ------------ Nothing Alien Tech Used ----------------- None Achievements -------------- Tourist Challenges ------------ None Game ------ Seed HypercooledHardlightWeb Manual? 0 Play Time 00:38:51 Cumulative 9.2 hours Start 2024.03.11 @ 12:05:09 End 2024.03.11 @ 12:41:26 Sessions 1 Manual Loads 0 Difficulty Rogue Special Mode None Game No. 11 Rogue 11 Adventurer 0 Explorer 0 Win Type - Total 0 Types 0/0/0/0/0/0/0/0/0 Lore% 3 Gallery% 8 Achievement% 10 Wizard Run 0 Options --------- Layout 1 ASCII 0 Keyboard 1 Movement Numpad Keybinds 0 Fullscreen 2 Font 24/Smallcaps Map View 50x35 Zoom Use 0% Tactical HUD 1 Map Filters NONE Filters NONE Steam 1 RUN: 19137d11-3f3f-4a39-8f80-679f9fc7951a